TOP OF THE 1ST |
Mahoning Valley Scrappers batting - Pitching for Everett AquaSox : RHP Kyle Ridgeway
|
Pitching: RHP Kyle Ridgeway
|
|
Batting: RHB Jonathan Underhill
|
0-0: Ball 1-0: Ball 2-0: Foul Ball, location: 2F 2-1: Ground out 4-3 (Groundball, 4, EV 101.9 MPH)
|
Batting: RHB Edolf Vlemmings
|
0-0: Ball 1-0: Ball 2-0: Foul Ball, location: 2F 2-1: Fly out, F5 (Line Drive, 5, EV 70.0 MPH)
|
Batting: RHB Mike Sims
|
0-0: Called Strike 0-1: Ball 1-1: Ball 2-1: Foul Ball, location: 2F 2-2: Foul Ball, location: 2F 2-2: Ball 3-2: Ground out 6-3 (Groundball, 6, EV 82.5 MPH)
|
Top of the 1st over - 0 runs, 0 hits, 0 errors, 0 left on base; Mahoning Valley 0 - Everett 0 |
BOTTOM OF THE 1ST |
Everett AquaSox batting - Pitching for Mahoning Valley Scrappers : RHP Mario Trujillo
|
Pitching: RHP Mario Trujillo
|
|
Batting: LHB Jawad Fahad
|
0-0: Called Strike 0-1: Ball 1-1: Called Strike 1-2: Foul Ball, location: 2F 1-2: Hit by Pitch
|
Batting: RHB Tze-meng Li
|
0-0: Called Strike 0-1: Called Strike 0-2: DOUBLE (Groundball, 5L, EV 103.1 MPH) Jawad Fahad to third
|
Batting: LHB Ryan Lowe
|
0-0: Ball 1-0: Swinging Strike 1-1: Called Strike 1-2: Foul Ball, location: 2F 1-2: Ball 2-2: Foul Ball, location: 2F 2-2: Foul Ball, location: 2F 2-2: Ball 3-2: SINGLE (Flyball, 8LS, EV 85.6 MPH) Jawad Fahad scores Tze-meng Li to third
|
Batting: RHB Josh Ruhl
|
0-0: Foul Ball, location: 2F 0-1: 3-RUN HOME RUN (Flyball, 9D, EV 96.9 MPH), Distance : 355 ft
|
Batting: RHB Hideo Okimura
|
0-0: Ball 1-0: Ball 2-0: Called Strike 2-1: Ball 3-1: Base on Balls
|
Batting: RHB Salvador Avina
|
0-0: Ball 1-0: Ball 2-0: Ball 3-0: Called Strike 3-1: Called Strike 3-2: Foul Ball, location: 2F 3-2: SINGLE (Groundball, 4MD, EV 99.4 MPH) Hideo Okimura to second
|
Batting: LHB William Warren
|
0-0: Foul Ball, location: 2F 0-1: SINGLE (Line Drive, 3D, EV 102.5 MPH) Hideo Okimura to third Salvador Avina to second
|
Batting: SHB Garrett McKenna
|
0-0: Ball 1-0: Ball 2-0: Ball 3-0: Called Strike 3-1: Fly out, F8 (Flyball, 8RD, EV 103.8 MPH) Runner from 3rd tags up, SCORES, throw by CF Salvador Avina to third
|
Batting: SHB Victor Rijos
|
0-0: Ball 1-0: Grounds out, U3 (Groundball, 3L, EV 100.6 MPH) Salvador Avina scores
|
Batting: LHB Jawad Fahad
|
0-0: Foul Ball, location: 2F 0-1: Ball 1-1: Foul Ball, location: 2F 1-2: Foul Ball, location: 2F 1-2: Ball 2-2: Ball Passed Ball! William Warren to third 3-2: Base on Balls
|
Batting: RHB Tze-meng Li
|
0-0: Swinging Strike 0-1: Ball 1-1: Ball 2-1: Ball 3-1: SINGLE (Line Drive, 9S, EV 90.6 MPH) William Warren scores Jawad Fahad to second Runner from 2nd tries for 3rd, SAFE, throw by RF made to third
|
Batting: LHB Ryan Lowe
|
0-0: Called Strike 0-1: Ball 1-1: Ball 2-1: Foul Ball, location: 2F 2-2: Ball 3-2: Foul Ball, location: 2F 3-2: Base on Balls Tze-meng Li to second
|
Batting: RHB Josh Ruhl
|
0-0: DOUBLE (Line Drive, 78D, EV 105.0 MPH) Jawad Fahad scores Tze-meng Li scores Ryan Lowe to third Runner from 3rd tries for Home, SAFE, no throw by CF
|
Pitching: RHP John Gernaat
|
|
Batting: RHB Hideo Okimura
|
0-0: Called Strike 0-1: Foul Ball, location: 2F 0-2: Fly out, F5 (Line Drive, 5, EV 65.0 MPH)
|
Bottom of the 1st over - 10 runs, 7 hits, 0 errors, 1 left on base; Mahoning Valley 0 - Everett 10 |
TOP OF THE 2ND |
Mahoning Valley Scrappers batting - Pitching for Everett AquaSox : RHP Kyle Ridgeway
|
Batting: SHB Charlie Diesel
|
0-0: Ball 1-0: Ball 2-0: Ball 3-0: Called Strike 3-1: Base on Balls
|
Batting: LHB Tommy Williams
|
0-0: Ball 1-0: SINGLE (Line Drive, 8RS, EV 103.1 MPH) Charlie Diesel to second
|
Batting: RHB Chris Yancey
|
0-0: Called Strike 0-1: Foul Ball, location: 2F 0-2: SINGLE (Flyball, 89S, EV 89.4 MPH) Charlie Diesel to third Tommy Williams to second
|
Batting: RHB Egidius Kruger
|
0-0: Ball 1-0: Ball 2-0: SINGLE (Line Drive, 34, EV 105.0 MPH) Charlie Diesel scores Tommy Williams to third Chris Yancey to second
|
Batting: LHB Manny Caldera
|
0-0: Ball 1-0: SINGLE (Groundball, 56D, EV 99.4 MPH) Tommy Williams scores Chris Yancey to third Egidius Kruger to second
|
Batting: RHB Nelson Trujillo
|
0-0: Foul Ball, location: 2F 0-1: Ball 1-1: SINGLE (Groundball, 4MD, EV 95.0 MPH) Chris Yancey scores Egidius Kruger to third Manny Caldera to second Runner from 3rd tries for Home, SAFE, throw by CF to home
|
Batting: RHB Jonathan Underhill
|
0-0: Ball 1-0: Called Strike 1-1: Ball 2-1: Foul Ball, location: 2F 2-2: Fielders Choice at 2nd, 5-4 (Groundball, 56S, EV 81.9 MPH) Manny Caldera to third
|
Batting: RHB Edolf Vlemmings
|
0-0: Called Strike 0-1: Called Strike 0-2: Ball 1-2: Ball 2-2: Ball 3-2: Foul Ball, location: 2F 3-2: SINGLE (Groundball, 4MD, EV 98.8 MPH) Manny Caldera scores Jonathan Underhill to second
|
Batting: RHB Mike Sims
|
0-0: Ball Jonathan Underhill steals 3rd base Edolf Vlemmings to second 1-0: Fly out, F9 (Flyball, 9D, EV 93.1 MPH) Runner from 3rd tags up, SCORES, no throw by RF Edolf Vlemmings to third
|
Batting: SHB Charlie Diesel
|
0-0: Ball 1-0: Called Strike 1-1: Ball 2-1: Foul Ball, location: 2F 2-2: Ball 3-2: Base on Balls
|
Pitching: RHP In Bea
|
|
Batting: LHB Tommy Williams
|
0-0: Ball 1-0: Foul Ball, location: 2F 1-1: Ball Charlie Diesel steals 2nd base 2-1: Ground out 5-3 (Groundball, 56S, EV 77.5 MPH)
|
Top of the 2nd over - 6 runs, 6 hits, 0 errors, 2 left on base; Mahoning Valley 6 - Everett 10 |
BOTTOM OF THE 2ND |
Everett AquaSox batting - Pitching for Mahoning Valley Scrappers : RHP John Gernaat
|
Batting: RHB Salvador Avina
|
0-0: Called Strike 0-1: Ground out 6-3 (Groundball, 6M, EV 99.4 MPH)
|
Batting: LHB William Warren
|
0-0: Called Strike 0-1: Foul Ball, location: 2F 0-2: Ball 1-2: Ball 2-2: Ground out 5-3 (Groundball, 5L, EV 88.1 MPH)
|
Batting: SHB Garrett McKenna
|
0-0: Ball 1-0: Called Strike 1-1: Swinging Strike 1-2: Ball 2-2: Ground out 4-3 (Groundball, 4D, EV 105.0 MPH)
|
Bottom of the 2nd over - 0 runs, 0 hits, 0 errors, 0 left on base; Mahoning Valley 6 - Everett 10 |
TOP OF THE 3RD |
Mahoning Valley Scrappers batting - Pitching for Everett AquaSox : RHP In Bea
|
Batting: RHB Chris Yancey
|
0-0: Foul Ball, location: 2F 0-1: Swinging Strike 0-2: Ground out 5-3 (Groundball, 56S, EV 84.4 MPH)
|
Batting: RHB Egidius Kruger
|
0-0: SINGLE (Groundball, P, EV 86.9 MPH) (infield hit)
|
Batting: LHB Manny Caldera
|
0-0: Ball Egidius Kruger steals 2nd base 1-0: Ball 2-0: DOUBLE (Flyball, 78D, EV 95.6 MPH) Egidius Kruger scores
|
Batting: RHB Nelson Trujillo
|
0-0: Ball 1-0: Called Strike 1-1: Ball 2-1: Swinging Strike 2-2: Ball 3-2: Foul Ball, location: 2F 3-2: Foul Ball, location: 2F 3-2: Strikes out swinging
|
Batting: RHB Jonathan Underhill
|
0-0: Ball 1-0: Ball 2-0: Ground out 4-3 (Groundball, 4, EV 109.4 MPH)
|
Top of the 3rd over - 1 run, 2 hits, 0 errors, 1 left on base; Mahoning Valley 7 - Everett 10 |
BOTTOM OF THE 3RD |
Everett AquaSox batting - Pitching for Mahoning Valley Scrappers : RHP John Gernaat
|
Batting: SHB Victor Rijos
|
0-0: Ball 1-0: Fly out, F8 (Flyball, 8RD, EV 85.0 MPH)
|
Batting: LHB Jawad Fahad
|
0-0: Foul Ball, location: 2F 0-1: Ball 1-1: Ball 2-1: Ball 3-1: Foul Ball, location: 2F 3-2: Base on Balls
|
Batting: RHB Tze-meng Li
|
0-0: Ball Jawad Fahad steals 2nd, throwing error, E2 Jawad Fahad to third 1-0: Called Strike 1-1: Fly out, F3 (Line Drive, 3, EV 68.8 MPH)
|
Batting: LHB Ryan Lowe
|
0-0: Foul Ball, location: 2F 0-1: Ball 1-1: Foul Ball, location: 2F 1-2: Ball 2-2: Ball 3-2: Ground out 6-3 (Groundball, 6, EV 103.8 MPH)
|
Bottom of the 3rd over - 0 runs, 0 hits, 1 error, 1 left on base; Mahoning Valley 7 - Everett 10 |
TOP OF THE 4TH |
Mahoning Valley Scrappers batting - Pitching for Everett AquaSox : RHP In Bea
|
Batting: RHB Edolf Vlemmings
|
0-0: Ball 1-0: Ball 2-0: Ball 3-0: Called Strike 3-1: Base on Balls
|
Batting: RHB Mike Sims
|
0-0: Ball Edolf Vlemmings steals 2nd, throwing error, E2 Edolf Vlemmings to third 1-0: Swinging Strike 1-1: Foul Ball, location: 2F 1-2: Strikes out looking
|
Batting: SHB Charlie Diesel
|
0-0: Called Strike 0-1: Ball 1-1: Ball 2-1: Ball 3-1: Swinging Strike 3-2: Foul Ball, location: 2F 3-2: Base on Balls
|
Pitching: RHP Jace Daniels
|
|
Batting: LHB Tommy Williams
|
0-0: Called Strike 0-1: Ball 1-1: Ground out 5-3 (Groundball, 56S, EV 76.2 MPH) Edolf Vlemmings scores Charlie Diesel to second
|
Batting: RHB Chris Yancey
|
0-0: Foul Ball, location: 2F 0-1: Ball 1-1: Foul Ball, location: 2F 1-2: Strikes out looking
|
Top of the 4th over - 1 run, 0 hits, 1 error, 1 left on base; Mahoning Valley 8 - Everett 10 |
BOTTOM OF THE 4TH |
Everett AquaSox batting - Pitching for Mahoning Valley Scrappers : RHP John Gernaat
|
Batting: RHB Josh Ruhl
|
0-0: Ball 1-0: Ball 2-0: Called Strike 2-1: Ground out 5-3 (Groundball, 56S, EV 68.1 MPH)
|
Batting: RHB Hideo Okimura
|
0-0: DOUBLE (Line Drive, 89D, EV 105.0 MPH)
|
Batting: RHB Salvador Avina
|
0-0: Ball 1-0: Foul Ball, location: 2F 1-1: Ball 2-1: Foul Ball, location: 2F 2-2: SINGLE (Groundball, 15S, EV 69.4 MPH) (infield hit) Hideo Okimura to third
|
Batting: LHB William Warren
|
0-0: Swinging Strike 0-1: Ball Balk! Hideo Okimura scores Salvador Avina to second 1-1: Fly out, F8 (Flyball, 8LD, EV 92.5 MPH)
|
Batting: SHB Garrett McKenna
|
0-0: SINGLE (Groundball, 34D, EV 100.6 MPH) Salvador Avina to third Runner from 3rd tries for Home, SAFE, throw by RF to home
|
Batting: SHB Victor Rijos
|
0-0: Ball 1-0: Ball Wild Pitch! Garrett McKenna to second 2-0: Called Strike 2-1: Ball 3-1: Foul Ball, location: 2F 3-2: Foul Ball, location: 2F 3-2: Base on Balls
|
Batting: LHB Jawad Fahad
|
0-0: Called Strike 0-1: Fielders Choice at 2nd, 5-4 (Groundball, 56, EV 107.5 MPH)
|
Bottom of the 4th over - 2 runs, 3 hits, 0 errors, 2 left on base; Mahoning Valley 8 - Everett 12 |
TOP OF THE 5TH |
Mahoning Valley Scrappers batting - Pitching for Everett AquaSox : RHP Jace Daniels
|
Batting: RHB Egidius Kruger
|
0-0: Called Strike 0-1: Called Strike 0-2: Strikes out swinging
|
Batting: LHB Manny Caldera
|
0-0: SINGLE (Groundball, 23, EV 68.8 MPH) (infield hit)
|
Batting: RHB Nelson Trujillo
|
0-0: Ball 1-0: Called Strike 1-1: Called Strike 1-2: Ball Wild Pitch! Manny Caldera to second 2-2: Strikes out swinging
|
Batting: RHB Jonathan Underhill
|
0-0: Ball 1-0: Foul Ball, location: 2F 1-1: Fly out, F6 (Flyball, 56D, EV 89.4 MPH)
|
Top of the 5th over - 0 runs, 1 hit, 0 errors, 1 left on base; Mahoning Valley 8 - Everett 12 |
BOTTOM OF THE 5TH |
Everett AquaSox batting - Pitching for Mahoning Valley Scrappers : RHP John Gernaat
|
Batting: RHB Tze-meng Li
|
0-0: Ground out 2-3 (Groundball, 13S, EV 71.2 MPH)
|
Batting: LHB Ryan Lowe
|
0-0: Ball 1-0: Foul Ball, location: 2F 1-1: Ball 2-1: Ball 3-1: Foul Ball, location: 2F 3-2: Base on Balls
|
Pitching: RHP Zach Robbins
|
|
Batting: RHB Josh Ruhl
|
0-0: Called Strike 0-1: Ball 1-1: Foul Ball, location: 2F 1-2: Foul Ball, location: 2F 1-2: Ball 2-2: Ball 3-2: 2-RUN HOME RUN (Flyball, 8LXD, EV 114.4 MPH), Distance : 453 ft
|
Batting: RHB Hideo Okimura
|
0-0: Ball 1-0: Ball 2-0: Ball 3-0: Called Strike 3-1: Fly out, F4 (Flyball, 34D, EV 63.1 MPH)
|
Batting: RHB Salvador Avina
|
0-0: Ball 1-0: Ball 2-0: Ball 3-0: Ground out 6-3 (Groundball, 6, EV 83.8 MPH)
|
Bottom of the 5th over - 2 runs, 1 hit, 0 errors, 0 left on base; Mahoning Valley 8 - Everett 14 |
TOP OF THE 6TH |
Mahoning Valley Scrappers batting - Pitching for Everett AquaSox : RHP Jace Daniels
|
Batting: RHB Edolf Vlemmings
|
0-0: Ball 1-0: SINGLE (Groundball, 34D, EV 103.8 MPH)
|
Batting: RHB Mike Sims
|
0-0: Grounds into double play, 5-4-3 (Groundball, 56, EV 102.5 MPH)
|
Batting: SHB Charlie Diesel
|
0-0: Ball 1-0: Ball 2-0: Ball 3-0: Foul Ball, location: 2F 3-1: SINGLE (Flyball, 56D, EV 91.2 MPH)
|
Batting: LHB Tommy Williams
|
0-0: Ball 1-0: Fielders Choice at 2nd, 5-4 (Groundball, 5L, EV 86.9 MPH)
|
Top of the 6th over - 0 runs, 2 hits, 0 errors, 1 left on base; Mahoning Valley 8 - Everett 14 |
BOTTOM OF THE 6TH |
Everett AquaSox batting - Pitching for Mahoning Valley Scrappers : RHP Zach Robbins
|
Batting: LHB William Warren
|
0-0: Ground out 5-3 (Groundball, 56S, EV 83.1 MPH)
|
Batting: SHB Garrett McKenna
|
0-0: Called Strike 0-1: Ball 1-1: Ball 2-1: Swinging Strike 2-2: Ball 3-2: Foul Ball, location: 2F 3-2: Base on Balls
|
Batting: SHB Victor Rijos
|
0-0: Ball 1-0: Ball 2-0: Foul Ball, location: 2F 2-1: Ball 3-1: Swinging Strike 3-2: Foul Ball, location: 2F 3-2: Base on Balls Garrett McKenna to second
|
Batting: LHB Jawad Fahad
|
0-0: Swinging Strike 0-1: Ball 1-1: Ball Wild Pitch! Garrett McKenna to third Victor Rijos to second 2-1: Foul Ball, location: 2F 2-2: SINGLE (Line Drive, 7S, EV 108.1 MPH) Garrett McKenna scores Victor Rijos to third Runner from 3rd tries for Home, SAFE, throw by LF to home
|
Batting: RHB Tze-meng Li
|
0-0: Ball 1-0: Ball 2-0: Fly out, F9 (Line Drive, 9D, EV 105.0 MPH)
|
Batting: LHB Ryan Lowe
|
0-0: Called Strike 0-1: Ball 1-1: Foul Ball, location: 2F Balk! Jawad Fahad to second 1-2: 2-RUN HOME RUN (Flyball, 9D, EV 99.4 MPH), Distance : 365 ft
|
Pitching: RHP Rafael Borja
|
|
Batting: RHB Josh Ruhl
|
0-0: Ground out 5-3 (Groundball, 56S, EV 93.1 MPH)
|
Bottom of the 6th over - 4 runs, 2 hits, 0 errors, 0 left on base; Mahoning Valley 8 - Everett 18 |
TOP OF THE 7TH |
Mahoning Valley Scrappers batting - Pitching for Everett AquaSox : RHP Jace Daniels
|
Batting: RHB Chris Yancey
|
0-0: Ball 1-0: Ball 2-0: Ball 3-0: Base on Balls
|
Batting: RHB Egidius Kruger
|
0-0: Fly out, F2 (Popup, 23F, EV 88.1 MPH)
|
Pinch Hitting: RHB Andy White
|
0-0: Called Strike 0-1: Fly out, F4 (Flyball, 34D, EV 83.8 MPH)
|
Batting: RHB Nelson Trujillo
|
0-0: Called Strike 0-1: Ground out 6-3 (Groundball, 56, EV 101.2 MPH)
|
Top of the 7th over - 0 runs, 0 hits, 0 errors, 1 left on base; Mahoning Valley 8 - Everett 18 |
BOTTOM OF THE 7TH |
Everett AquaSox batting - Pitching for Mahoning Valley Scrappers : RHP Rafael Borja
|
Now at 2B: Andy White
|
|
Now at SS: Jonathan Underhill
|
|
Batting: RHB Hideo Okimura
|
0-0: Fly out, F3 (Line Drive, 3, EV 73.8 MPH)
|
Batting: RHB Salvador Avina
|
0-0: Reached on error, E6 (Groundball, 56, EV 86.2 MPH)
|
Batting: LHB William Warren
|
0-0: Fielders Choice at 2nd, 6-4 (Groundball, 6, EV 91.2 MPH)
|
Batting: SHB Garrett McKenna
|
0-0: Called Strike 0-1: SINGLE (Groundball, 34D, EV 103.8 MPH) William Warren to second
|
Batting: SHB Victor Rijos
|
0-0: Ball 1-0: Ball 2-0: Called Strike 2-1: Foul Ball, location: 2F 2-2: Ball 3-2: SINGLE (Groundball, P, EV 93.1 MPH) (infield hit) William Warren to third Garrett McKenna to second
|
Batting: LHB Jawad Fahad
|
0-0: Called Strike 0-1: Swinging Strike 0-2: Ball Passed Ball! William Warren scores Garrett McKenna to third Victor Rijos to second 1-2: Foul Ball, location: 2F 1-2: TRIPLE (Line Drive, 78XD, EV 110.0 MPH) Garrett McKenna scores Victor Rijos scores
|
Batting: RHB Tze-meng Li
|
0-0: Called Strike 0-1: TRIPLE (Line Drive, 89XD, EV 102.5 MPH) Jawad Fahad scores
|
Batting: LHB Ryan Lowe
|
0-0: Swinging Strike 0-1: Foul Ball, location: 2F 0-2: Ball 1-2: Foul Ball, location: 2F 1-2: Strikes out swinging
|
Bottom of the 7th over - 4 runs, 4 hits, 1 error, 1 left on base; Mahoning Valley 8 - Everett 22 |
TOP OF THE 8TH |
Mahoning Valley Scrappers batting - Pitching for Everett AquaSox : RHP Jace Daniels
|
Pitching: LHP Sanjog Veera
|
|
Pinch Hitting: RHB Santos Guadalupe
|
0-0: Called Strike 0-1: Ground out 1-3 (Groundball, 34S, EV 64.4 MPH)
|
Batting: RHB Edolf Vlemmings
|
0-0: Ball 1-0: Swinging Strike 1-1: Foul Ball, location: 2F 1-2: Strikes out swinging
|
Batting: RHB Mike Sims
|
0-0: Ball 1-0: Ball 2-0: Swinging Strike 2-1: Ball 3-1: Base on Balls
|
Pinch Hitting: LHB Trevor Spaulding
|
0-0: Foul Ball, location: 2F 0-1: Ball 1-1: Ball 2-1: Ball 3-1: Foul Ball, location: 2F 3-2: Foul Ball, location: 2F 3-2: Base on Balls Mike Sims to second
|
Batting: LHB Tommy Williams
|
0-0: Ball 1-0: Foul Ball, location: 2F 1-1: Ball 2-1: Fly out, F7 (Flyball, 7S, EV 91.2 MPH)
|
Top of the 8th over - 0 runs, 0 hits, 0 errors, 2 left on base; Mahoning Valley 8 - Everett 22 |
BOTTOM OF THE 8TH |
Everett AquaSox batting - Pitching for Mahoning Valley Scrappers : RHP Rafael Borja
|
Now at 1B: Trevor Spaulding
|
|
Now at SS: Santos Guadalupe
|
|
Batting: RHB Josh Ruhl
|
0-0: Ball 1-0: Ball 2-0: Ground out 6-3 (Groundball, 6, EV 98.8 MPH)
|
Batting: RHB Hideo Okimura
|
0-0: Foul Ball, location: 2F 0-1: Fly out, F4 (Popup, 4, EV 59.4 MPH)
|
Batting: RHB Salvador Avina
|
0-0: Ball 1-0: Called Strike 1-1: SINGLE (Groundball, 56, EV 105.6 MPH)
|
Batting: LHB William Warren
|
0-0: Called Strike 0-1: Called Strike Balk! Salvador Avina to second 0-2: Ball Wild Pitch! Salvador Avina to third 1-2: Foul Ball, location: 2F 1-2: Foul Ball, location: 2F 1-2: Foul Ball, location: 2F 1-2: Ball 2-2: Ball 3-2: Base on Balls
|
Batting: SHB Garrett McKenna
|
0-0: Fielders Choice at 2nd, U4 (Groundball, 4M, EV 92.5 MPH)
|
Bottom of the 8th over - 0 runs, 1 hit, 0 errors, 2 left on base; Mahoning Valley 8 - Everett 22 |
TOP OF THE 9TH |
Mahoning Valley Scrappers batting - Pitching for Everett AquaSox : LHP Sanjog Veera
|
Batting: RHB Chris Yancey
|
0-0: Called Strike 0-1: Swinging Strike 0-2: Foul Ball, location: 2F 0-2: Strikes out swinging
|
Batting: RHB Egidius Kruger
|
0-0: Ball 1-0: Reached on error, E5 (Groundball, 56, EV 83.8 MPH)
|
Batting: RHB Andy White
|
0-0: Swinging Strike 0-1: Foul Ball, location: 2F 0-2: Strikes out swinging
|
Batting: RHB Nelson Trujillo
|
0-0: Called Strike 0-1: Ball 1-1: 2-RUN HOME RUN (Flyball, 7D, EV 98.8 MPH), Distance : 376 ft
|
Batting: RHB Santos Guadalupe
|
0-0: Ball 1-0: Foul Ball, location: 2F 1-1: Ball 2-1: Foul Ball, location: 2F 2-2: Fly out, F8 (Flyball, 8RD, EV 81.2 MPH)
|
Top of the 9th over - 2 runs, 1 hit, 1 error, 0 left on base; Mahoning Valley 10 - Everett 22 |
|